 Dungeon Crawl Stone Soup version 0.28-a0-1117-g0bdd5ba030 (webtiles) character file.

Game seed: 1978860576469654015

81368 dracfodder the Eclecticist (level 15, -3/78 HPs)
             Began as a Gargoyle Earth Elementalist on Dec 11, 2021.
             Was a High Priest of Sif Muna.
             Slain by a death yak (16 damage)
             ... on level 6 of the Lair of Beasts on Dec 12, 2021.
             The game lasted 02:48:41 (20802 turns).

dracfodder the Eclecticist (GrEE)                  Turns: 20802, Time: 02:48:42

Health: -3/78      AC: 24    Str: 17    XL:     15   Next: 70%
Magic:  25/34      EV: 12    Int: 22    God:    Sif Muna [*****.]
Gold:   837        SH:  7    Dex: 10    Spells: 28/45 levels left

rFire   . . .      SeeInvis +   x - +5 flail (vorpal)
rCold   + . .      Faith    .   D - +1 buckler {AC+3}
rNeg    + + +      Spirit   .   N - +2 robe {Archmagi}
rPois   ∞          Reflect  .   M - +2 helmet
rElec   +          Harm     .   (no cloak)
rCorr   +          Rampage  .   y - +2 pair of gloves
Will    +....      Archmagi +   (no boots)
Stlth   ++........              q - amulet of magic regeneration
HPRegen 0.23/turn               A - ring "Voipysuxu" {Drain rC+ rN++ Str+4 SInv}
MPRegen 0.64/turn               m - ring of resist corrosion

@: flying
A: sickness immunity, AC +11, big wings, negative energy resistance 1,
electricity resistance, torment resistance 1, petrification resistance, mutation
resistance 1, MP-powered wands
a: Renounce Religion, Channel Magic, Forget Spell, Divine Exegesis


You were on level 6 of the Lair of Beasts.
You worshipped Sif Muna.
Sif Muna was extremely pleased with you.
You visited 3 branches of the dungeon, and saw 19 of its levels.
You also visited: Bailey.

You collected 1077 gold pieces.
You spent 240 gold pieces at shops.

Inventory:

Hand Weapons
 b - a +0 hunting sling of venom
 g - a +1 shortbow of flaming
 h - a +1 shortbow of freezing
 l - a +0 short sword of freezing
 o - a +1 whip of flaming
 x - a +5 vorpal flail (weapon)
Missiles
 c - 184 stones
 j - 26 poisoned darts
 k - 234 arrows
 p - 75 boomerangs
 t - 118 sling bullets
 F - 4 throwing nets
 P - 6 silver javelins
 R - 2 curare-tipped darts
Armour
 y - a +2 pair of gloves (worn)
 D - a +1 buckler of protection (worn)
 M - a +2 helmet (worn)
 N - a +2 robe of the Archmagi (worn)
Magical Staves
 a - a staff of earth
Jewellery
 e - a +6 ring of dexterity
 m - a ring of resist corrosion (right hand)
 q - an amulet of magic regeneration (around neck)
 A - the ring "Voipysuxu" (left hand) {Drain rC+ rN++ Str+4 SInv}
   (You bought it in a shop on level 6 of the Dungeon)

   [ring of protection from cold]

   Str:       It affects your strength (+4).
   rC:        It protects you from cold.
   rN:        It greatly protects you from negative energy.
   SInv:      It lets you see invisible.
   Drain:     It drains your maximum health when unequipped.
 K - a ring of ice
 Q - the ring of Ashenzari's Generosity {Will+ MP+9 Int+2}
   (You found it on level 5 of the Lair of Beasts)

   [ring of magical power]

   Int:       It affects your intelligence (+2).
   MP:        It affects your magic capacity (+9).
   Will:      It increases your willpower.
 S - a +4 ring of evasion
Wands
 G - a wand of acid (2)
 O - a wand of paralysis (13)
Scrolls
 n - 2 scrolls of holy word
 r - a scroll of identify
 w - 8 scrolls of teleportation
 H - 2 scrolls of brand weapon
 I - 2 scrolls of fog
 J - 2 scrolls of fear
 L - a scroll of magic mapping
Potions
 d - a potion of brilliance
 f - a potion of lignification
 i - 2 potions of curing
 z - 3 potions of ambrosia
 B - a potion of resistance
 C - 2 potions of haste
 E - a potion of might


   Skills:
 + Level 3.4 Fighting
 + Level 2.2 Maces & Flails
 + Level 2.8 Slings
 + Level 5.6 Bows
 + Level 3.3 Dodging
 + Level 4.5 Stealth
 + Level 9.2 Shields
 * Level 15.5 Spellcasting
 + Level 7.8 Conjurations
 + Level 0.8 Transmutations
 + Level 8.5 Fire Magic
 + Level 13.3 Earth Magic
 * Level 7.0 Invocations
 + Level 2.2 Evocations


You had 28 spell levels left.
You knew the following spells:

 Your Spells              Type           Power      Damage    Failure   Level
a - Sandblast             Erth           100%       2d20      0%          1
b - Passwall              Tmut/Erth      53%        N/A       1%          2
c - Stone Arrow           Conj/Erth      100%       3d13      1%          3
d - Petrify               Tmut/Erth      64%        N/A       1%          4
e - Conjure Flame         Conj/Fire      68%        6-21      1%          3
f - Sticky Flame          Conj/Fire      68%        2d8       1%          4

Your spell library contained the following spells:

 Spells                   Type           Power      Damage    Failure   Level
 Beastly Appendage        Tmut           62%        N/A       2%          1
 Ignite Poison            Fire/Tmut/Pois 46%        N/A       2%          3
 Wereblood                Tmut           31%        N/A       3%          2
 Fireball                 Conj/Fire      34%        3d14      3%          5
 Iskenderun's Battlesphe  Conj           67%        2d12      3%          5
 Spider Form              Tmut/Pois      28%        N/A       9%          3
 Ozocubu's Armour         Ice            25%        N/A       11%         3
 Irradiate                Conj/Tmut      26%        3d22      16%         5
 Olgreb's Toxic Radiance  Pois           25%        N/A       34%         4
 Ozocubu's Refrigeration  Ice            12%        4d7       100%        7
 Ignition                 Fire           35%        3d11      100%        8
 Fire Storm               Conj/Fire      34%        8d9       100%        9


Dungeon Overview and Level Annotations

Branches:
Dungeon (12/15)            Temple (1/1) D:4            Lair (6/6) D:9
  Swamp (0/4) Lair:2        Snake (0/4) Lair:3        Slime (0/5) Lair:5
    Orc (0/2) D:11         Bailey (visited)

Altars:
Ashenzari
Cheibriados
Dithmenos
Elyvilon
Fedhas
Gozag
Hepliaklqana
Kikubaaqudgha
Makhleb
Nemelex Xobeh
Okawaru
Qazlal
Ru
Sif Muna
Trog
Uskayaw
Vehumet
Wu Jian
Xom
Yredelemnul
Zin
The Shining One

Shops:
D:6 *


Innate Abilities, Weirdness & Mutations

You are immune to sickness and miasma.
Your stone body is resilient. (AC +11)
You are immune to poison.
Your large and strong wings let you fly.
You resist negative energy. (rN+)
You are resistant to electric shocks. (rElec)
You are resistant to unholy torment.
You are immune to petrification.
You are somewhat resistant to further mutation.
You expend magic power (3 MP) to strengthen your wands.


Message History

You feel a surge of power!
The blast of sand hits the cane toad!
You kill the cane toad!
Sif Muna accepts your kill.
You start resting.
A death yak is nearby!
Casting: Sandblast (safe; 0% risk of failure)
Confirm with . or Enter, or press ? or * to list all spells.
Aiming: Sandblast (safe; 0% risk of failure)
Press: ? - help, Shift-Dir - straight line, f - death yak
Aim: a death yak (94% to hit)
You feel a surge of power!
The blast of sand hits the death yak!!
The death yak is moderately wounded.
Casting: Sandblast (safe; 0% risk of failure)
Confirm with . or Enter, or press ? or * to list all spells.
Aiming: Sticky Flame (dangerous; 1% risk of failure)
Press: ? - help, Shift-Dir - straight line, f/p - death yak
Aim: a death yak (moderately wounded, 100% to hit)
You feel a surge of power!
The sticky flame hits the death yak!
The death yak is moderately wounded.
The death yak is covered in liquid flames!
The death yak burns!
You hit the death yak.
The death yak is heavily wounded.
The death yak burns!
You block the death yak's attack. The death yak gores you.
* * * LOW HITPOINT WARNING * * *
Unknown command.
You thump the death yak!
The death yak is heavily wounded.
The death yak burns!
The death yak closely misses you. You block the death yak's attack.
You hit the death yak but do no damage.
The death yak is severely wounded.
The death yak burns! x2; The death yak stops burning.
You block the death yak's attack.
The death yak gores you but does no damage.
The death yak misses you.
You barely miss the death yak.
The death yak is severely wounded.
The death yak closely misses you. The death yak gores you!
You die...

......#.#...÷##..........<..
......P.......##.#.#.#.#.#.#.
##.................÷.........
##........##...#.#.#.#.#.#.#.
...^......#P................
.........P...PY#.#.#.#.#.#.#
............♣...............
.......#....P.##Y#.#.#.#.#.#
≈♣....###.....##@Y...........
♣♣♣....##.....####..........P
P♣.....#.....Y### ##.... ♣♣
♣.......Y..#.## ....
♣♣♣♣♣♣...Y........ ..
≈≈♣P♣♣............ .
.≈≈.≈............#
≈♣♣≈♣♣♣..........#
♣♣♣♣♣♣.♣..........


You could see 3 death yaks.

Vanquished Creatures
  An orc warlord (Bailey)
  Harold (D:8)
  5 hydras
  5 catoblepae
  Erica (D:8)
  A boulder beetle (Lair:4)
  4 two-headed ogres
  11 death yaks
  Sonja (Lair:5)
  Urug (Lair:5)
  Nergalle (Lair:4)
  The ghost of porpoise the Thaumaturge, a novice DECj of Vehumet (Lair:1)
  An orange crystal statue (Lair:1)
  A lindwurm (Lair:5)
  Pikel (D:7)
  3 manticores
  2 cyclopes
  6 black mambas
  4 torpor snails (Lair:3)
  8 cane toads
  A gargoyle (D:10)
  7 komodo dragons
  4 rime drakes
  A troll (D:11)
  4 polar bears
  Prince Ribbit (D:6)
  Grinder (D:6)
  A hornet (D:10)
  5 dream sheep (Lair:6)
  2 slime creatures (Lair:5)
  26 blink frogs
  60 yaks
  3 shadows
  A wraith (D:9)
  3 wyverns
  Sigmund (D:3)
  3 basilisks
  Grum (D:8)
  3 steam dragons
  A warg (D:11)
  3 acid dragons
  Edmund (D:6)
  8 water moccasins
  8 orc warriors
  A hornet zombie (D:8)
  A black bear (D:7)
  An ice beast (D:8)
  A sky beast (D:6)
  3 wolves (D:8)
  A lemure (D:8)
  5 centaurs
  2 phantoms (D:5)
  14 bullfrogs
  2 scorpions
  11 killer bees
  An electric eel (Lair:4)
  A howler monkey (D:8)
  A bullfrog zombie (D:5)
  5 centaur zombies
  3 lava snakes (Lair:1)
  4 hounds
  A bullfrog skeleton (D:5)
  7 orc priests
  4 jellies
  2 iguanas
  9 orc wizards
  A killer bee zombie (D:9)
  A hound skeleton (D:4)
  A howler monkey zombie (D:9)
  Robin (D:4)
  5 adders
  11 gnolls
  2 shadow imps
  2 dart slugs
  28 orcs
  4 bats
  7 endoplasms
  3 giant cockroaches
  11 hobgoblins
  20 kobolds
  A quokka (D:4)
  8 ball pythons
  4 frilled lizards
  27 goblins
  4 rats
  A toadstool (D:1)
430 creatures vanquished.

Vanquished Creatures (others)
  2 yaks (Lair:6)
  32 fungi
  73 plants
  3 toadstools (D:1)
110 creatures vanquished.

Grand Total: 540 creatures vanquished

Notes
Turn   | Place    | Note
-------+----------+-------------------------------------------
     0 | D:1      | dracfodder the Gargoyle Earth Elementalist began the quest
                  | for the Orb.
     0 | D:1      | Reached XP level 1. HP: 10/10 MP: 3/3
   590 | D:1      | Reached XP level 2. HP: 15/15 MP: 3/5
   593 | D:1      | Learned a level 2 spell: Passwall
   654 | D:1      | Found a faded altar of an unknown god.
   966 | D:2      | Reached XP level 3. HP: 19/19 MP: 3/6
  1205 | D:2      | Identified a scroll of acquirement
  1205 | D:2      | Acquired a staff of earth
  1230 | D:2      | Learned a level 3 spell: Stone Arrow
  2181 | D:3      | Reached skill level 3 in Spellcasting
  2243 | D:3      | Noticed Sigmund
  2257 | D:3      | Killed Sigmund
  2258 | D:3      | Reached skill level 4 in Spellcasting
  2258 | D:3      | Reached skill level 5 in Earth Magic
  2258 | D:3      | Reached XP level 4. HP: 12/24 MP: 1/10
  2258 | D:3      | Reached XP level 5. HP: 14/28 MP: 1/11
  2554 | D:3      | Noticed a centaur
  2557 | D:3      | Killed a centaur
  2558 | D:3      | Reached XP level 6. HP: 22/32 MP: 8/13
  3407 | D:4      | Noticed Robin
  3556 | D:4      | Killed Robin
  3609 | D:4      | Reached skill level 5 in Spellcasting
  3968 | D:5      | Entered Level 5 of the Dungeon
  4112 | D:4      | Reached XP level 7. HP: 36/36 MP: 9/15
  4353 | D:4      | Found a staircase to the Ecumenical Temple.
  4362 | Temple   | Entered the Ecumenical Temple
  4777 | Temple   | Became a worshipper of Sif Muna the Loreminder
  4991 | D:5      | You fall into a shaft and drop 2 floors!
  5008 | D:6      | Reached skill level 1 in Conjurations
  5090 | D:6      | Reached skill level 1 in Bows
  5090 | D:6      | Reached skill level 6 in Spellcasting
  5293 | D:6      | Found an opulent altar of Gozag.
  5314 | D:6      | Reached XP level 8. HP: 32/41 MP: 11/17
  5407 | D:6      | Noticed Grinder
  5410 | D:6      | Killed Grinder
  5411 | D:6      | Reached skill level 7 in Spellcasting
  5433 | D:6      | Noticed Prince Ribbit
  5443 | D:6      | Killed Prince Ribbit
  5767 | D:5      | Reached skill level 8 in Spellcasting
  5890 | D:5      | Reached * piety under Sif Muna
  5891 | D:5      | Reached XP level 9. HP: 46/46 MP: 16/21
  6222 | D:5      | Learned a level 4 spell: Petrify
  6226 | D:5      | Learned a level 3 spell: Conjure Flame
  6231 | D:5      | Learned a level 4 spell: Sticky Flame
  6394 | D:6      | Noticed Edmund
  6399 | D:6      | Killed Edmund
  6400 | D:6      | Reached skill level 1 in Fighting
  6400 | D:6      | Reached skill level 9 in Spellcasting
  6622 | D:6      | Found Kenocub's Assorted Antiques.
  6625 | D:6      | Bought a large golden ring for 120 gold pieces
  6625 | D:6      | Bought a pitted glass ring for 120 gold pieces
  6625 | D:6      | Identified the ring "Voipysuxu" {Drain rC+ rN++ Str+4 SInv}
                  | (You bought it in a shop on level 6 of the Dungeon)
  7148 | D:7      | Noticed a cyclops
  7155 | D:7      | HP: 2/47 [cyclops/large rock (31)]
  7159 | D:7      | Killed a cyclops
  7584 | D:7      | Noticed a two-headed ogre
  7593 | D:7      | Killed a two-headed ogre
  7594 | D:7      | Reached skill level 10 in Spellcasting
  7594 | D:7      | Reached XP level 10. HP: 46/53 MP: 12/24
  8022 | D:7      | Reached ** piety under Sif Muna
  8340 | D:8      | Noticed Pikel
  8348 | D:7      | Killed Pikel
  8424 | D:8      | Noticed Harold
  8432 | D:8      | Killed Harold
  8568 | D:8      | Reached skill level 11 in Spellcasting
  8574 | D:8      | Noticed Grum
  8584 | D:8      | Reached skill level 5 in Conjurations
  8610 | D:8      | Killed Grum
  8635 | D:8      | Noticed Erica
  8645 | D:8      | Killed Erica
  8646 | D:8      | Reached skill level 10 in Earth Magic
  8760 | D:8      | Reached XP level 11. HP: 56/57 MP: 12/26
  8796 | D:8      | Reached skill level 1 in Evocations
  9382 | D:9      | Found a flagged portal.
  9396 | Bailey   | Entered a bailey
  9476 | Bailey   | Noticed an orc warlord
  9594 | Bailey   | Reached *** piety under Sif Muna
  9595 | Bailey   | Reached skill level 12 in Spellcasting
  9821 | Bailey   | Found a runed translucent gate.
  9821 | Bailey   | Found a runed translucent gate.
  9821 | Bailey   | Found a runed translucent gate.
  9974 | Bailey   | Gained mutation: You expend magic power (3 MP) to
                  | strengthen your wands. [potion of mutation]
  9974 | Bailey   | Gained mutation: You are somewhat resistant to further
                  | mutation. [potion of mutation]
 10001 | Bailey   | Killed an orc warlord
 10151 | D:8      | Reached skill level 5 in Bows
 11098 | D:9      | Found a staircase to the Lair.
 11107 | Lair:1   | Entered Level 1 of the Lair of Beasts
 11571 | D:10     | Entered Level 10 of the Dungeon
 11713 | D:10     | Noticed a two-headed ogre
 11718 | D:10     | Killed a two-headed ogre
 11899 | D:11     | Noticed a five-headed hydra
 11903 | D:11     | Killed a five-headed hydra
 11942 | D:10     | Noticed a cyclops
 11947 | D:10     | Noticed a two-headed ogre
 11951 | D:10     | Killed a cyclops
 11954 | D:10     | Killed a two-headed ogre
 11955 | D:10     | Reached XP level 12. HP: 37/64 MP: 7/28
 12102 | D:10     | Reached XP level 13. HP: 68/68 MP: 29/29
 12103 | D:10     | Gained mutation: Your large and strong wings let you fly.
                  | [Gargoyle growth]
 12103 | D:10     | Reached XP level 14. HP: 72/72 MP: 30/30
 12771 | D:11     | Reached **** piety under Sif Muna
 12924 | D:11     | Found a staircase to the Orcish Mines.
 13233 | Lair:1   | Found a runed translucent door.
 13237 | Lair:1   | Reached skill level 1 in Invocations
 13247 | Lair:1   | Reached skill level 13 in Spellcasting
 13839 | Lair:1   | Noticed porpoise's ghost (novice DECj)
 13840 | Lair:1   | Found the +11 plutonium sword {Contam Stlth-}
 14051 | Lair:1   | Killed porpoise's ghost
 14389 | Lair:2   | Found a staircase to the Swamp.
 14812 | Lair:2   | You are sucked into a shaft and drop 1 floor!
 14896 | Lair:3   | Reached skill level 1 in Slings
 15363 | Lair:3   | Found a staircase to the Snake Pit.
 15433 | Lair:3   | Found a snail-covered altar of Cheibriados.
 15598 | Lair:3   | Reached skill level 14 in Spellcasting
 16094 | Lair:4   | Reached ***** piety under Sif Muna
 16095 | Lair:4   | Noticed Nergalle
 16106 | Lair:4   | Killed Nergalle
 16108 | Lair:4   | Reached skill level 5 in Invocations
 17431 | Lair:4   | Reached XP level 15. HP: 53/78 MP: 22/33
 17610 | Lair:4   | Received a gift from Sif Muna
 17757 | Lair:5   | Noticed Urug
 17772 | Lair:5   | Killed Urug
 17988 | Lair:6   | Entered Level 6 of the Lair of Beasts
 18081 | Lair:5   | Identified the ring of Ashenzari's Generosity {Will+ MP+9
                  | Int+2}
 18210 | Lair:5   | Noticed Sonja
 18229 | Lair:5   | Killed Sonja
 18353 | Lair:5   | Found a staircase to the Slime Pits.
 19192 | Lair:6   | Reached skill level 1 in Maces & Flails
 19264 | Lair:6   | Reached skill level 15 in Spellcasting
 20293 | Lair:6   | Received a gift from Sif Muna
 20294 | Lair:6   | Got Sif Muna's Almanac of Arcane Weapons and Snow {god
                  | gift}
 20802 | Lair:6   | Slain by a death yak

Illustrated notes

Levels and vault maps discovered:
D:1:      ldierk_water_garden, layout_loops_ring,
          hellmonk_ecumenical_altar_inner_sanctum
D:2:      layout_loops_ring
D:3:      layout_basic, kennysheep_generic_room_11, uniq_sigmund
D:4:      layout_loops_ring, minmay_temple_entry_enclosed_plants, uniq_robin
D:5:      layout_rooms, chequers_decorated_corner
D:6:      layout_loops_ring, grunt_gozag_statues, serial_shops,
          nicolae_shop_behind_doors, kennysheep_pointless_box, uniq_grinder,
          uniq_edmund, uniq_prince_ribbit1
D:7:      layout_loops_corners, nicolae_benzene_ring, minmay_quadrilaterals
D:8:      layout_loops_ring, serial_aquarium, aquarium_bridge_island_small
          [aquarium_subvault_small_open, aquarium_subvault_bridge,
          aquarium_subvault_wall, aquarium_subvault_bridge,
          aquarium_subvault_bridge], aquarium_window_fake, aquarium_window_1,
          aquarium_window_2, aquarium_view_2b, aquarium_view_2c, uniq_erica,
          uniq_grum, uniq_pikel, uniq_harold
D:9:      layout_stronghold, dpeg_oklobed_lair, lightli_bailey_entry_fortress,
          minmay_fractal_squares_diagonal_5
D:10:     layout_rooms
D:11:     layout_cave_pools, david_orc_3
D:12:     layout_loops_ring, uniq_fannar
Temple:   mainiacjoe_temple_trianglar_array
Lair:1:   layout_roguey, ebering_ghost_inner_flame, disabler_island,
          lemuel_fruit_fields
Lair:2:   layout_roguey, swamp_mist_pool, minmay_lair_oklob_items,
          grunt_megastairs_5
Lair:3:   layout_cave_shapes, dummy_snake_entry, kennysheep_snail_temple,
          infiniplex_staircase_pool
Lair:4:   layout_cave_pods, serial_bayou_pond_d, nicolae_quartered_pool_little,
          minmay_stone_trees_small, uniq_nergalle
Lair:5:   nzn_motion_control, layout_misc_corridors, minmay_slime_entry_pillars,
          uniq_sonja, uniq_urug
Lair:6:   evilmike_catoblepas_cave, layout_cellular_growth, serial_forest,
          infiniplex_forest_lined_4_way, infiniplex_forest_end_1,
          infiniplex_forest_clump_cross, infiniplex_forest_clump_tiny,
          infiniplex_forest_clump_tiny, st_stairs_11, serial_bayou_crossing

Skill      XL: |  1  2  3  4  5  6  7  8  9 10 11 12 13 14 15 |
---------------+----------------------------------------------+-----
Earth Magic    | 4 5 6 7 8 10 11 12 13 | 13.3
Spellcasting   | 4 5 6 8 10 11 12 14 15 | 15.5
Conjurations   | 1 2 3 5 6 7 |  7.8
Bows           | 1 3 5 |  5.6
Stealth        | 3 4 |  4.5
Fighting       | 1 2 3 |  3.4
Evocations     | 1 2 |  2.2
Dodging        | 2 3 |  3.3
Fire Magic     | 8 |  8.5
Shields        | 8 9 |  9.2
Invocations    | 5 7 |  7.0
Slings         | 2 |  2.8
Maces & Flails | 2 |  2.2
Transmutations | |  0.8

Action                   |  1- 3 |  4- 6 |  7- 9 | 10-12 | 13-15 || total
-------------------------+-------+-------+-------+-------+-------++-------
Melee: Short sword       |     4 |       |       |       |       ||     4
       Unarmed           |     2 |       |       |       |       ||     2
       Staff             |       |       |     1 |     1 |     1 ||     3
       Flail             |       |       |       |       |    53 ||    53
 Fire: Shortbow          |       |     7 |    27 |   107 |       ||   141
       Hunting sling     |       |       |       |       |    34 ||    34
Throw: Javelin           |       |       |       |       |     1 ||     1
 Cast: Sandblast         |    48 |    35 |    50 |    34 |   232 ||   399
       Stone Arrow       |     6 |    14 |    48 |   144 |   272 ||   484
       Conjure Flame     |       |       |     2 |     2 |     2 ||     6
       Passwall          |       |       |       |     3 |     1 ||     4
       Sticky Flame      |       |       |       |       |    75 ||    75
Evoke: Wand              |       |       |     6 |    12 |    21 ||    39
  Use: Scroll            |     5 |     5 |     1 |    10 |    12 ||    33
       Potion            |       |       |     1 |     3 |     8 ||    12
Armor: Robe              |     8 |    11 |     5 |    59 |   174 ||   257
Dodge: Dodged            |    11 |    19 |    14 |    87 |   171 ||   302
Block: Buckler           |       |       |       |     1 |   120 ||   121

Table legend: (Time is in decaauts)
 A = Elapsed time spent in this place.
 B = Non-inter-level travel time spent in this place.
 C = Inter-level travel time spent in this place.
 D = Time resting spent in this place.
 E = Time spent auto-exploring this place.
 F = Levels seen in this place.
 G = Mean time per level.
                   A        B        C        D        E       F      G
               +--------+--------+--------+--------+--------+-----+--------+
         Total |  20916 |  20239 |    677 |   5437 |   9510 |  20 | 1045.8 |
       Dungeon |  12044 |  11539 |    505 |   2667 |   6531 |  12 | 1003.7 |
        Temple |    440 |    384 |     56 |      0 |    382 |   1 |  440.0 |
          Lair |   7733 |   7617 |    116 |   2770 |   2597 |   6 | 1288.8 |
        Bailey |    698 |    698 |      0 |      0 |      0 |   1 |  698.0 |
               +--------+--------+--------+--------+--------+-----+--------+

Top non-repeatable levels by time:
  Lair:6: 1867 daAuts
  Lair:4: 1550 daAuts
     D:8: 1521 daAuts
     D:7: 1516 daAuts
     D:3: 1488 daAuts
  Lair:5: 1351 daAuts
  Lair:3: 1256 daAuts
     D:6: 1255 daAuts
     D:2: 1163 daAuts
  Lair:1: 1011 daAuts
     D:9: 1006 daAuts
     D:4: 1005 daAuts
    D:10: 930 daAuts
     D:1: 893 daAuts
  Bailey: 698 daAuts
